 Dungeon Crawl Stone Soup version 0.28.0-53-g5a82cb258f (webtiles) character file.

Game seed: 8436431755302579182

1689 Peloso the Cleaver (level 8, -7/71 HPs)
             Began as a Minotaur Fighter on July 11, 2022.
             Mangled by a two-headed ogre
             ... wielding a +0 giant spiked club
              (21 damage)
             ... on level 6 of the Dungeon.
             The game lasted 00:08:53 (4271 turns).

Peloso the Cleaver (Minotaur Fighter)               Turns: 4271, Time: 00:08:54

Health: -7/71      AC: 16    Str: 21    XL:     8   Next: 71%
Magic:  7/7        EV:  8    Int:  5    God:
Gold:   166        SH:  5    Dex: 12    Spells: 7/7 levels left

rFire   . . .      SeeInvis .   c - +10 hand axe "Ziciuhem" {holy, rPois Stlth+}
rCold   . . .      Faith    .   e - +0 buckler
rNeg    . . .      Spirit   .   i - +0 chain mail
rPois   +          Reflect  .   (helmet restricted)
rElec   .          Harm     .   B - +0 cloak
rCorr   .          Rampage  .   (no gloves)
Will    .....                   (no boots)
Stlth   ..........              (no amulet)
HPRegen 0.21/turn               o - +4 ring of protection
MPRegen 0.10/turn               (no ring)

@: no status effects
A: horns 2, retaliatory headbutt
a: no special abilities


You were on level 6 of the Dungeon.
You visited 1 branch of the dungeon, and saw 6 of its levels.

You collected 292 gold pieces.
You spent 126 gold pieces at shops.

Inventory:

Hand Weapons
 a - a +0 long sword
 c - the +10 hand axe "Ziciuhem" (weapon) {holy, rPois Stlth+}
   (You found it on level 2 of the Dungeon)

   It has been blessed by the Shining One to cause great damage to the undead
   and demons.
   rPois:     It protects you from poison.
   Stlth:     It makes you more stealthy.
Missiles
 q - a throwing net (quivered)
Armour
 b - a +0 scale mail
 e - a +0 buckler (worn)
 i - a +0 chain mail (worn)
 B - a +0 cloak (worn)
Jewellery
 o - a +4 ring of protection (left hand)
 t - a ring of protection from fire
 x - a +4 ring of protection
 E - a ring of see invisible
Scrolls
 f - 6 scrolls of noise
 g - a scroll of fear {unknown}
 j - 4 scrolls of enchant weapon
 k - a scroll of holy word {unknown}
 l - 2 scrolls of teleportation
 n - a scroll of immolation {unknown}
 s - a scroll of torment {unknown}
 w - a scroll of identify
 y - a scroll of fog {unknown}
 C - a scroll of amnesia {unknown}
 F - a scroll of vulnerability {unknown}
 G - 2 scrolls of summoning {unknown}
Potions
 d - a potion of might
 h - a potion of ambrosia
 p - a potion of brilliance
 r - a potion of berserk rage
 u - 2 potions of flight
 v - a potion of mutation {unknown}
 z - a potion of curing {unknown}
 A - a potion of magic {unknown}
 D - a potion of attraction {unknown}


   Skills:
 + Level 6.3 Fighting
 + Level 4.1 Long Blades
 + Level 8.4 Axes
 + Level 7.4 Armour
 + Level 1.9 Dodging
 + Level 0.4 Stealth
 + Level 5.3 Shields


You had 7 spell levels left.
You didn't know any spells.
Your spell library contained the following spells:

 Spells                   Type           Power      Damage    Failure   Level
 Dazzling Flash           Conj/Hex       0%         N/A       100%        3
 Airstrike                Air            0%         N/A       100%        4
 Iskenderun's Mystic Bla  Conj/Tloc      0%         2d3       100%        4
 Summon Lightning Spire   Summ/Air       0%         N/A       100%        4
 Lightning Bolt           Conj/Air       0%         1d11      100%        5
 Starburst                Conj/Fire      0%         6d3       100%        6


Dungeon Overview and Level Annotations

Branches:
Dungeon (6/15)
 Temple: D:4-7

Altars:
Elyvilon
Zin

Shops:
D:5 ?


Innate Abilities, Weirdness & Mutations

You have a pair of horns on your head.
You reflexively headbutt those who attack you in melee.


Message History

The two-headed ogre barely misses you.
The two-headed ogre hits you but does no damage.
An iguana comes into view.
You hit the two-headed ogre but do no damage.
The two-headed ogre hits you with a +0 giant spiked club!
The two-headed ogre hits you with a +0 dire flail!
You slash the two-headed ogre!
The two-headed ogre is moderately wounded.
You barely miss the two-headed ogre.
The two-headed ogre is moderately wounded.
You hit the iguana.
The two-headed ogre hits you with a +0 giant spiked club.
The two-headed ogre hits you with a +0 dire flail!
* * * LOW HITPOINT WARNING * * *
The iguana closely misses you.
You feel much better.
The two-headed ogre hits you with a +0 giant spiked club.
You block the two-headed ogre's attack. The iguana barely misses you.
You furiously retaliate!
You headbutt the iguana. You slash the two-headed ogre!
Your headbutt misses the two-headed ogre.
The two-headed ogre is heavily wounded.
You hit the iguana. You block the iguana's attack.
The two-headed ogre hits you with a +0 giant spiked club.
The two-headed ogre closely misses you.
You hit the two-headed ogre.
The two-headed ogre is heavily wounded.
You hit the iguana. The iguana bites you!
You hit the two-headed ogre.
You headbutt the two-headed ogre, but do no damage.
The two-headed ogre is heavily wounded.
You hit the iguana.
You kill the iguana!
The two-headed ogre hits you with a +0 giant spiked club!
* * * LOW HITPOINT WARNING * * *
You block the two-headed ogre's attack.
You closely miss the two-headed ogre.
The two-headed ogre is heavily wounded.
The two-headed ogre hits you with a +0 giant spiked club!!
You die...

#..##...# ##..##.
#.....## #.<.... ##...##
#...#... ##...#
##...####.. #....#....##
#.. #........# #..
##......### ##..
#.......## ##...
#O@.......# #.....
......†....##...........
............###.........
.......###..# #..######
$...... #..# .# #
......# #.# # .....# #.#
# ..... ##


You could see a two-headed ogre.

Vanquished Creatures
  A water moccasin (D:5)
  An ice beast (D:5)
  2 sky beasts
  3 black bears
  A phantom (D:3)
  A bullfrog (D:4)
  A wyvern zombie (D:6)
  A scorpion (D:5)
  A bullfrog zombie (D:5)
  A bullfrog skeleton (D:5)
  4 hounds
  Crazy Yiuf (D:4)
  3 jellies
  An orc priest (D:5)
  Terence (D:3)
  A scorpion zombie (D:5)
  4 iguanas
  3 orc wizards
  A hound zombie (D:5)
  Robin (D:4)
  3 adders
  7 gnolls (D:3)
  4 worms
  A dart slug (D:1)
  13 orcs
  3 bats (D:1)
  7 endoplasms
  2 giant cockroaches
  20 goblins
  8 hobgoblins
  A jackal (D:3)
  4 quokkas
  3 ball pythons
  4 frilled lizards
  5 kobolds
  6 rats
124 creatures vanquished.

Vanquished Creatures (others)
  4 plants (D:5)
4 creatures vanquished.

Grand Total: 128 creatures vanquished

Notes
Turn   | Place    | Note
-------+----------+-------------------------------------------
     0 | D:1      | Peloso the Minotaur Fighter began the quest for the Orb.
     0 | D:1      | Reached XP level 1. HP: 19/19 MP: 0/0
    91 | D:1      | Found a faded altar of an unknown god.
    93 | D:1      | Reached XP level 2. HP: 27/27 MP: 1/1
   792 | D:2      | Found a glowing silver altar of Zin.
   892 | D:2      | Identified the +10 hand axe "Ziciuhem" {holy, rPois Stlth+}
  1076 | D:2      | Reached XP level 3. HP: 33/33 MP: 2/2
  1391 | D:3      | Noticed Terence
  1404 | D:3      | Killed Terence
  1516 | D:3      | Reached XP level 4. HP: 22/40 MP: 3/3
  1870 | D:3      | Noticed a phantom
  1882 | D:3      | Killed a phantom
  1883 | D:3      | Reached skill level 1 in Axes
  1883 | D:3      | Reached skill level 5 in Armour
  1883 | D:3      | Reached XP level 5. HP: 39/47 MP: 4/4
  2187 | D:3      | Reached skill level 2 in Axes
  2187 | D:3      | Reached XP level 6. HP: 55/55 MP: 5/5
  2368 | D:4      | Reached skill level 5 in Fighting
  2515 | D:4      | Reached skill level 3 in Axes
  2616 | D:4      | Found a white marble altar of Elyvilon.
  2688 | D:4      | Noticed Robin
  2697 | D:4      | Killed Robin
  2701 | D:4      | Reached skill level 4 in Axes
  2701 | D:4      | Reached skill level 1 in Dodging
  2701 | D:4      | Reached XP level 7. HP: 58/61 MP: 6/6
  2943 | D:4      | Found a runed translucent door.
  2944 | D:4      | Noticed Crazy Yiuf
  2953 | D:4      | Killed Crazy Yiuf
  3040 | D:5      | Entered Level 5 of the Dungeon
  3055 | D:5      | Reached skill level 5 in Axes
  3106 | D:5      | Reached skill level 6 in Axes
  3110 | D:5      | Reached skill level 5 in Shields
  3227 | D:5      | Reached XP level 8. HP: 70/70 MP: 7/7
  3241 | D:5      | Found Jatoficu's Magic Scroll Emporium.
  3254 | D:5      | Bought a scroll of teleportation for 36 gold pieces
  3254 | D:5      | Bought a scroll of enchant weapon for 90 gold pieces
  3298 | D:5      | Reached skill level 7 in Axes
  3801 | D:5      | Reached skill level 8 in Axes
  4259 | D:6      | Noticed a two-headed ogre
  4271 | D:6      | Mangled by a two-headed ogre

Illustrated notes

Levels and vault maps discovered:
D:1:      amcnicky_arrival_gap_in_the_tavern_cellar, layout_rooms,
          hellmonk_ecumenical_altar_crossroads
D:2:      layout_loops_cross, basic_altar, minmay_misc_feat_enclosed,
          chequers_mini_garden
D:3:      minmay_octagon_keep, layout_rooms, minmay_stone_trees_small,
          uniq_terence
D:4:      layout_rooms, nicolae_overflow_crystal_walls, palyth_stone_intersect,
          uniq_robin, uniq_crazy_yiuf_cottage
D:5:      layout_gridville, serial_bayou, serial_bayou_pond_e,
          serial_bayou_lake_a, serial_bayou_pond_b, serial_bayou_crossing,
          serial_bayou_pond_d, serial_shops, shop_scrolls
D:6:      layout_layer_cave, minmay_temple_entry_antechambers

Skill      XL: |  1  2  3  4  5  6  7  8 |
---------------+-------------------------+-----
Shields        | 4 5 |  5.3
Fighting       | 4 5 6 |  6.3
Long Blades    | 3 4 |  4.1
Armour         | 4 5 6 7 |  7.4
Axes           | 1 2 4 6 8 |  8.4
Dodging        | 1 |  1.9
Stealth        | |  0.4

Action                   |  1- 3 |  4- 6 |  7- 9 || total
-------------------------+-------+-------+-------++-------
Melee: Long sword        |    47 |       |       ||    47
       Headbutt          |     5 |    12 |    13 ||    30
       Hand axe          |    29 |    94 |    87 ||   210
  Use: Scroll            |     3 |     3 |       ||     6
       Potion            |       |       |     1 ||     1
Armor: Scale mail        |    14 |       |       ||    14
       Chain mail        |    27 |    53 |    54 ||   134
Dodge: Dodged            |    23 |    31 |    41 ||    95
Block: Buckler           |    17 |    22 |    23 ||    62
